 Dungeon Crawl Stone Soup version 0.31-a0-771-g505c3d19dc (webtiles) character file.

Game seed: 10768403384061589659

77 Newt the Trooper (level 4, 0/37 HPs)
             Began as a Demonspawn Gladiator on Sept 16, 2023.
             Succumbed to an orc's poison
             ... on level 3 of the Dungeon.
             The game lasted 00:02:27 (1956 turns).

Newt the Trooper (Demonspawn Gladiator)             Turns: 1956, Time: 00:02:27

Health: 0/37       AC:  3    Str: 16    XL:     4   Next: 13%
Magic:  4/4        EV: 12    Int: 10    God:
Gold:   71         SH:  0    Dex: 14    Spells: 3/3 levels left

rFire   . . .        l - +0 dagger (elec)
rCold   . . .        (no shield)
rNeg    . . .        b - +0 leather armour
rPois   .            (helmet restricted)
rElec   .            (no cloak)
rCorr   .            (no gloves)
SInv    +            (no boots)
Will    .....        i - amulet of faith
Stlth   +            j - ring of see invisible
HPRegen 0.26/turn    k - ring of flight
MPRegen 0.09/turn

%: faith
@: lethally poisoned (0 -> -2), flying
A: antennae 1, powered by pain 1
a: no special abilities


You were on level 3 of the Dungeon.
You visited 1 branch of the dungeon, and saw 3 of its levels.

You collected 158 gold pieces.
You spent 87 gold pieces at shops.

Inventory:

Hand Weapons
 a - a +0 rapier
 f - a +0 short sword of speed
 l - a +0 dagger of electrocution (weapon)
Missiles
 d - 3 throwing nets (quivered)
 e - a javelin
Armour
 b - a +0 leather armour (worn)
 c - a +0 helmet
Jewellery
 g - a +6 ring of intelligence
 i - an amulet of faith (around neck)
 j - a ring of see invisible (left hand)
 k - a ring of flight (right hand)
Scrolls
 h - a scroll of immolation
 n - 3 scrolls of fear
 o - a scroll of teleportation
 p - a scroll of revelation {unknown}
Potions
 m - a potion of enlightenment


   Skills:
 - Level 4.0 Fighting
 + Level 3.2 Short Blades
 - Level 1.7 Throwing
 - Level 2.6 Dodging


You had 3 spell levels left.
You didn't know any spells.
Your spell library contained the following spells:

 Spells                   Type           Power      Damage    Failure   Level
 Lesser Beckoning         Tloc           0%         N/A       56%         2
 Gell's Gravitas          Tloc           0%         N/A       80%         3
 Teleport Other           Tloc           0%         N/A       80%         3


Dungeon Overview and Level Annotations

Branches:
Dungeon (3/15)

Altars:

Shops:
D:1 [   D:2 :[(**


Innate Abilities, Weirdness & Mutations

You have a pair of small antennae on your head.
You sometimes gain a little power by taking damage.


Message History

The orc hits you with a +0 dagger of venom.
You are more poisoned.
The orc closely misses you.
You closely miss the orc.
The orc is severely wounded.
You feel sick.
An adder comes into view.
Unknown command.
You barely miss the orc.
The orc is severely wounded.
You feel sick.
The adder hisses angrily.
The orc hits you with a +0 mace.
The orc hits you with a +0 dagger of venom.
You are more poisoned.
You hit the orc.
You kill the orc!
You feel very sick. The orc hits you with a +0 mace!
Unknown command.
You hit the orc.
The orc is heavily wounded.
You feel sick. The orc hits you but does no damage.
Unknown command.
You feel sick.
You feel sick. The orc attacks as it pursues you!
The orc hits you with a +0 dagger.
* * * LOW HITPOINT WARNING * * *
Okay, then.
* * * LOW HITPOINT WARNING * * *
You feel sick. The orc attacks as it pursues you!
The orc hits you but does no damage.
Unknown command.
* * * LOW HITPOINT WARNING * * *
You feel sick. The orc attacks as it pursues you!
The orc completely misses you.
* * * LOW HITPOINT WARNING * * *
You feel sick.
Unknown command.
You die...

#..........# #..)......#
,#......# # ###########.....#
## .........#......# ####.
............S#..## ####...P
..........o#o##..#####....P♣.
[(.......†...###..........P♣♣
.......).#..@....#........P..
####....###..##..##..........
#...## ##..##.###........P
#..# ##................ #.#
##.#..#.........# ...
#..##............ ...
#................. #...
.....###...... #... .......
.....#


You could see an adder and 2 orcs.

Vanquished Creatures
  2 adders (D:2)
  2 worms (D:2)
  A dart slug (D:1)
  2 orcs
  2 endoplasms
  2 giant cockroaches
  8 goblins
  2 hobgoblins
  7 jackals (D:1)
  6 kobolds
  A quokka (D:3)
  A ball python (D:2)
  5 bats
  2 frilled lizards
  A rat (D:3)
44 creatures vanquished.

Notes
Turn   | Place    | Note
-------+----------+-------------------------------------------
     0 | D:1      | Newt the Demonspawn Gladiator began the quest for the Orb.
     0 | D:1      | Reached XP level 1. HP: 16/16 MP: 1/1
    89 | D:1      | Gained mutation: You sometimes gain a little power by
                  | taking damage. [demonic ancestry]
    89 | D:1      | Reached XP level 2. HP: 13/23 MP: 2/2
   171 | D:1      | Reached skill level 3 in Fighting
   402 | D:1      | Reached XP level 3. HP: 29/29 MP: 3/3
   527 | D:1      | Found Hubuntin's Armour Emporium.
   652 | D:2      | Found Zouv Fet's General Store.
   656 | D:2      | Bought a scroll of identify for 24 gold pieces
   747 | D:2      | Found Muav's Armour Boutique.
   784 | D:2      | Found Vimaxak's Weapon Shop.
  1229 | D:2      | Reached skill level 4 in Fighting
  1485 | D:2      | Found Teump's Book Emporium.
  1634 | D:2      | Gained mutation: You have a pair of small antennae on your
                  | head. [demonic ancestry]
  1634 | D:2      | Reached XP level 4. HP: 33/37 MP: 4/4
  1703 | D:2      | Found Memikal's Assorted Antiques.
  1709 | D:2      | Bought a scroll labelled UPNING OPHEN for 21 gold pieces
  1709 | D:2      | Bought a scroll of identify for 42 gold pieces
  1828 | D:3      | Found a faded altar of an unknown god.
  1955 | D:3      | HP: 1/37 [poisoned by an orc]
  1956 | D:3      | Succumbed to an orc's poison

Illustrated notes

Levels and vault maps discovered:
D:1:      heliophobic_arrival_dark_side_of_the_moon, layout_basic, serial_shops,
          nicolae_shop_tiny_waterfront
D:2:      layout_basic, serial_shops, shop_coins, nicolae_shop_tiny_glass, shop,
          nicolae_shop_just_a_little_nook, nicolae_shop_just_a_little_nook,
          kennysheep_decorative_pillar, minmay_misc_feat_iff
D:3:      layout_rooms, nemelex_diamond_rough_becter, lemuel_round_altar,
          chequers_temple_overflow_statue_of_worship,
          dreamdust_ecumenical_altar_angels_and_demons, serial_forest,
          infiniplex_forest_clump_small, infiniplex_forest_straight_4,
          infiniplex_forest_straight_2, infiniplex_forest_clump_cross,
          infiniplex_forest_clump_double, minmay_misc_feat_doors,
          corexii_corridor_pit, nicolae_half_adder

Skill      XL: |  1  2  3 |
---------------+----------+-----
Fighting       | 3 4 |  4.0
Short Blades   | 3 |  3.2
Throwing       | |  1.7
Dodging        | |  2.6

Action                     |  1- 3 |  4- 6 || total
---------------------------+-------+-------++-------
  Melee: Short sword       |    84 |       ||    84
         Rapier            |     6 |       ||     6
         Dagger            |    87 |    24 ||   111
    Use: Scroll            |     3 |     2 ||     5
         Potion            |     1 |       ||     1
 Armour: Leather armour    |    87 |    17 ||   104
  Dodge: Dodged            |   103 |    15 ||   118

Table legend: (Time is in decaauts)
 A = Elapsed time spent in this place.
 B = Non-inter-level travel time spent in this place.
 C = Inter-level travel time spent in this place.
 D = Time resting spent in this place.
 E = Time spent auto-exploring this place.
 F = Levels seen in this place.
 G = Mean time per level.
                   A        B        C        D        E       F      G
               +--------+--------+--------+--------+--------+-----+--------+
         Total |   1903 |   1866 |     37 |    368 |   1169 |   3 |  634.3 |
       Dungeon |   1903 |   1866 |     37 |    368 |   1169 |   3 |  634.3 |
               +--------+--------+--------+--------+--------+-----+--------+

Top non-repeatable levels by time:
     D:2: 1147 daAuts
     D:1: 587 daAuts
     D:3: 168 daAuts
